 Dungeon Crawl Stone Soup version 0.20.1-1-g8b1a95d (webtiles) character file.

542 Ladykiller69 the Shield-Bearer (level 7, 0/53 HPs)
             Began as a Formicid Skald on Sept 24, 2017.
             Slain by kae's ghost (8 damage)
             ... on level 4 of the Dungeon.
             The game lasted 00:14:03 (6082 turns).

Ladykiller69 the Shield-Bearer (Formicid Skald)     Turns: 6082, Time: 00:14:04

Health: 0/53       AC:  5    Str: 15 (18) XL:     7   Next: 52%
Magic:  11/11      EV: 11    Int: 12      God:
Gold:   242        SH:  9    Dex: 10      Spells: 8/12 levels left

rFire    . . .     SeeInvis +   a - +0 trident
rCold    . . .     Gourm    .   z - +0 shield
rNeg     . . .     Faith    .   b - +0 leather armour
rPois    .         Spirit   .   (helmet unavailable)
rElec    .         Reflect  .   u - +0 cloak
rCorr    .         Harm     .   k - +0 pair of gloves
MR       .....                  (no boots)
Stlth    +.........             (no amulet)
Regen    0.2/turn               (no ring)
MPRegen  0.2/turn               (no ring)

@: no status effects
A: permanent stasis, dig shafts and tunnels, four strong arms, antennae 3
a: Dig, Shaft Self


You were on level 4 of the Dungeon.
You were near starving.

You visited 1 branch of the dungeon, and saw 4 of its levels.

You collected 242 gold pieces.

Inventory:

Hand Weapons
 a - a +0 trident (weapon)
 t - a +0 dagger of distortion
 w - a +0 spear
 y - a +1 dagger of draining
Missiles
 J - 5 curare-tipped needles
 K - 13 poisoned needles
Armour
 b - a +0 leather armour (worn)
 k - a +0 pair of gloves (worn)
 u - a +0 cloak (worn)
 z - a +0 shield (worn)
Jewellery
 h - an uncursed ring of flight {unknown}
 q - an uncursed ring of protection from cold {unknown}
 x - an uncursed ring of flight {unknown}
 A - an uncursed ring of resist corrosion {unknown}
 L - an uncursed ring of flight {unknown}
Scrolls
 e - 2 scrolls of enchant weapon {unknown}
 f - 2 scrolls of immolation {unknown}
 g - 2 scrolls of magic mapping {unknown}
 j - 2 scrolls of enchant armour {unknown}
 n - a scroll of amnesia {unknown}
 s - 3 scrolls of teleportation {unknown}
 C - a scroll of fog {unknown}
 D - 2 scrolls of remove curse {unknown}
 E - 2 scrolls of identify {unknown}
 G - a scroll of fear {unknown}
Potions
 i - 2 potions of haste
 l - a potion of degeneration
 m - a potion of curing
 p - a potion of mutation {unknown}
 r - 4 potions of magic
 v - a potion of lignification
 B - a potion of resistance {unknown}
 I - a potion of brilliance {unknown}
Books
 c - a book of Battle

   Spells                             Type                      Level
   a - Infusion                       Charms                       1
   b - Shroud of Golubria             Charms/Translocation         2
   c - Song of Slaying                Charms                       2
   d - Spectral Weapon                Hexes/Charms                 3
   e - Regeneration                   Charms/Necromancy            3
 M - a book of Misfortune

   Spells                             Type                      Level
   a - Confusing Touch                Hexes                        1
   b - Confuse                        Hexes                        3
   c - Gell's Gravitas                Translocation                3
   d - Petrify                        Transmutation/Earth          4
   e - Metabolic Englaciation         Hexes/Ice                    5
   f - Yara's Violent Unravelling     Hexes/Transmutation          5
Comestibles
 d - 4 bread rations
 o - 9 fruits
 F - 2 royal jellies
 H - a meat ration


   Skills:
 + Level 3.7 Fighting
 + Level 3.7 Polearms
 - Level 1.1 Armour
 - Level 3.2 Dodging
 * Level 4.3 Shields
 - Level 3.0 Spellcasting
 - Level 3.2 Hexes
 - Level 3.0 Charms


You had 8 spell levels left.
You knew the following spells:

 Your Spells              Type           Power        Failure   Level  Hunger
a - Infusion              Chrm           #...         24%         1    #......
b - Spectral Weapon       Hex/Chrm       #.......     56%         3    ###....


Dungeon Overview and Level Annotations

Branches:
Dungeon (4/15)
 Temple: D:4-7

Altars:
Ashenzari
Gozag
Qazlal
Uskayaw
Vehumet
Xom
Zin

Shops:
D:4 !

Annotations:
D:3 Grinder
D:4 kae's ghost, amateur GrFi


Innate Abilities, Weirdness & Mutations

You cannot be hasted, slowed, berserked, paralysed or teleported.
You can dig through walls and to a lower floor.
Your four strong arms can wield two-handed weapons with a shield.
You have a pair of large antennae on your head. (SInv)


Message History

You hit kae's ghost.
Kae's ghost is almost destroyed.
Kae's ghost hits you.
* * * LOW HITPOINT WARNING * * *
You block kae's ghost's attack.
You hit kae's ghost but do no damage.
Kae's ghost is almost destroyed.
Kae's ghost hits you but does no damage.
You hit kae's ghost.
Kae's ghost is almost destroyed.
Kae's ghost hits you.
* * * LOW HITPOINT WARNING * * *
Your magical infusion is running out.
It was a potion of curing.
You feel better. Kae's ghost hits you.
* * * LOW HITPOINT WARNING * * *
You are no longer magically infusing your attacks.
There is an entrance to Syhacada's Distillery here.
There is an escape hatch in the ceiling here.
Kae's ghost hits you!
You die...

..........#####.# ..#########
#.# ..# #.# ..# #[#
..#############.##
.................#
...#########.....#
...####...##.....#
........#......#@#
#.#####...###.##W# #.#
#............# ..#
#.#######.##.############# ###
#.# ####.##.............# #
#.# #........##########.# #
#.# #.##.......# #.#
#####.####.#∩.......### #.#
.##...................######.#


You could see kae's ghost.

Vanquished Creatures
  2 ogres (D:4)
  A jelly (D:4)
  4 orc wizards
  Crazy Yiuf (D:2)
  Jessica (D:2)
  Terence (D:3)
  5 adders
  An ooze (D:2)
  3 worms
  3 leopard geckos
  9 orcs
  3 ball pythons
  6 giant cockroaches
  9 goblins
  6 hobgoblins
  13 jackals
  6 kobolds
  A quokka (D:2)
  3 bats
  5 frilled lizards
  8 rats
91 creatures vanquished.

Notes
Turn   | Place    | Note
-------+----------+-------------------------------------------
     0 | D:1      | Ladykiller69 the Formicid Skald began the quest for the Orb.
     0 | D:1      | Reached XP level 1. HP: 16/16 MP: 3/3
   426 | D:1      | Reached XP level 2. HP: 22/22 MP: 1/5
   984 | D:2      | Reached XP level 3. HP: 23/27 MP: 2/7
   989 | D:2      | Learned a level 3 spell: Spectral Weapon
  1188 | D:2      | Found an opulent altar of Gozag.
  1442 | D:2      | Reached skill level 1 in Hexes
  1442 | D:2      | Reached XP level 4. HP: 15/33 MP: 3/8
  1710 | D:2      | Noticed Jessica
  1747 | D:2      | Killed Jessica
  2719 | D:2      | Found a runed door.
  2918 | D:2      | Noticed Crazy Yiuf
  2926 | D:2      | Killed Crazy Yiuf
  2926 | D:2      | Reached XP level 5. HP: 15/38 MP: 6/9
  3666 | D:3      | Found a radiant altar of Vehumet.
  3981 | D:3      | Found a shattered altar of Ashenzari.
  3981 | D:3      | Found a stormy altar of Qazlal.
  4125 | D:3      | Reached XP level 6. HP: 44/46 MP: 10/10
  4342 | D:3      | Noticed Grinder
  4353 | D:3      | You fall through a shaft!
  4353 | D:4      | Noticed kae's ghost (amateur GrFi)
  4355 | D:4      | Found Syhacada's Distillery.
  4380 | D:4      | Reached skill level 1 in Shields
  4725 | D:3      | Found a hide-covered altar of Uskayaw.
  4725 | D:3      | Noticed Terence
  4760 | D:3      | Killed Terence
  4760 | D:3      | Reached skill level 2 in Shields
  5101 | D:4      | Found a glowing silver altar of Zin.
  5170 | D:4      | Noticed an ogre
  5187 | D:4      | Killed an ogre
  5187 | D:4      | Reached skill level 3 in Shields
  5187 | D:4      | Reached XP level 7. HP: 47/52 MP: 5/11
  5503 | D:4      | Reached skill level 4 in Shields
  5506 | D:4      | Found a shimmering altar of Xom.
  6082 | D:4      | Slain by kae's ghost

Skill      XL: |  1  2  3  4  5  6  7 |
---------------+----------------------+-----
Dodging        | 2 3 |  3.2
Spellcasting   | 3 |  3.0
Hexes          | 1 2 3 |  3.2
Shields        | 3 4 |  4.3
Polearms       | 3 |  3.7
Fighting       | 3 |  3.7
Armour         | |  1.1
Charms         | |  3.0

Action                   |  1- 3 |  4- 6 |  7- 9 || total
-------------------------+-------+-------+-------++-------
Melee: Spear             |   101 |    80 |       ||   181
       Trident           |       |   190 |    56 ||   246
 Cast: Infusion          |    11 |    12 |     4 ||    27
       Spectral Weapon   |       |     5 |       ||     5
 Abil: Dig               |       |    11 |     1 ||    12
       Shaft Self        |       |     1 |       ||     1
  Use: Potion            |       |     3 |     1 ||     4
  Eat: Chunk             |     2 |    14 |     2 ||    18
Armor: Leather armour    |    21 |    64 |     4 ||    89
       Skin              |       |    17 |       ||    17
Dodge: Dodged            |    47 |   101 |    14 ||   162
Block: Shield            |       |    56 |    20 ||    76
